 Dungeon Crawl Stone Soup version 0.27.1-4-g1640c2035a (webtiles) character file.

Game seed: 16975993501800437835

32 deusastra the Ruffian (level 3, 0/36 HPs)
             Began as a Troll Monk on Nov 16, 2021.
             Succumbed to a kobold's poison
             ... on level 2 of the Dungeon.
             The game lasted 00:02:52 (827 turns).

deusastra the Ruffian (Troll Monk)                   Turns: 827, Time: 00:02:53

Health: 0/36       AC:  4    Str: 20    XL:     3   Next: 10%
Magic:  2/2        EV: 10    Int:  6    God:
Gold:   8          SH:  0    Dex: 12    Spells: 2/2 levels left

rFire    . . .     SeeInvis .     - Unarmed
rCold    . . .     Faith    .   (no shield)
rNeg     . . .     Spirit   .   a - +0 robe
rPois    .         Reflect  .   (helmet restricted)
rElec    .         Harm     .   (no cloak)
rCorr    .         Rampage  .   (gloves unavailable)
Will     .....                  (boots unavailable)
Stlth    ++........             (no amulet)
HPRegen  1.12/turn              (no ring)
MPRegen  0.08/turn              (no ring)

@: lethally poisoned (0 -> -17)
A: large, unfitting armour, claws 3, regeneration 1, shaggy fur 1, tough skin 1
a: no special abilities


You were on level 2 of the Dungeon.
You visited 1 branch of the dungeon, and saw 2 of its levels.

You collected 8 gold pieces.

Inventory:

Armour
 a - a +0 robe (worn)
Magical Staves
 c - a staff of fire
Scrolls
 b - a scroll of teleportation {unknown}
 d - a scroll of identify {unknown}


   Skills:
 * Level 2.7 Fighting
 * Level 2.8 Dodging
 - Level 1.0 Stealth
 * Level 3.5 Unarmed Combat


You had 2 spell levels left.
You didn't know any spells.
Your spell library was empty.

Dungeon Overview and Level Annotations

Branches:
Dungeon (2/15)

Altars:


Innate Abilities, Weirdness & Mutations

You are too large for most types of armour.
You have claws for hands.
Your natural rate of healing is unusually fast.
You are covered in fur. (AC +1)
You have tough skin. (AC +1)


Message History

A kobold comes into view.
It is wielding a +3 short sword of venom.
There is an open door here.
The kobold hits you but does no damage.
The kobold hits you with a +3 short sword of venom.
The rat barely misses you. The kobold hits you with a +0 club.
The kobold hits you but does no damage.
You are poisoned.
The rat bites you but does no damage. The kobold hits you but does no damage.
You feel sick. The kobold hits you but does no damage.
You are more poisoned.
The rat closely misses you. The frilled lizard barely misses you.
The kobold hits you with a +0 club.
You feel very sick. The kobold hits you but does no damage.
You are more poisoned.
The frilled lizard closely misses you. The rat barely misses you.
The kobold hits you but does no damage.
You feel very sick.
The kobold hits you with a +3 short sword of venom.
You are more poisoned.
The frilled lizard barely misses you. The rat bites you but does no damage.
The kobold closely misses you.
You feel very sick. The kobold barely misses you.
The frilled lizard bites you but does no damage.
The rat bites you but does no damage. The kobold closely misses you.
You feel very sick.
The kobold hits you with a +3 short sword of venom.
You are more poisoned.
The frilled lizard bites you but does no damage.
The rat barely misses you. The kobold hits you but does no damage.
You feel very sick.
The kobold hits you with a +3 short sword of venom.
* * * LOW HITPOINT WARNING * * *
You are more poisoned.
The rat bites you.
* * * LOW HITPOINT WARNING * * *
The frilled lizard barely misses you. The kobold hits you but does no damage.
Unknown command.
You die...

# # # # # #########
####### # ........###
#..$..# ##
#.......l.#####.....###.
#.....K@r.'...'......$..
#.......K.#####.....###.
#......>.(+ +..[..# #.
#.........# #.....# #.
#.........# #.....# #.
#.........# #.....# #.
#.........# #.....# #.
########### ###'### #.


You could see 2 kobolds, a frilled lizard and a rat.

Vanquished Creatures
  A dart slug (D:1)
  2 ball pythons (D:1)
  3 bats (D:1)
  A giant cockroach (D:1)
  A goblin (D:1)
  5 hobgoblins (D:1)
  4 jackals (D:1)
  A quokka (D:1)
  6 frilled lizards
  3 kobolds (D:1)
  2 rats (D:1)
29 creatures vanquished.

Notes
Turn   | Place    | Note
-------+----------+-------------------------------------------
     0 | D:1      | deusastra the Troll Monk began the quest for the Orb.
     0 | D:1      | Reached XP level 1. HP: 22/22 MP: 0/0
    53 | D:1      | Found a faded altar of an unknown god.
    76 | D:1      | Reached XP level 2. HP: 29/29 MP: 1/1
   273 | D:1      | Reached XP level 3. HP: 36/36 MP: 2/2
   827 | D:2      | Succumbed to a kobold's poison

Illustrated notes

Levels and vault maps discovered:
D:1:      onia_arrival_mini_spirals, layout_basic,
          hellmonk_ecumenical_altar_heavens_door
D:2:      layout_basic, serial_bayou_lagoon_b

Action                   || total
-------------------------++-------
Melee: Unarmed           ||    88
       Punch             ||     1
Armor: Robe              ||   119
Dodge: Dodged            ||   173
